AoeStats
← tr3tr2tr1

Arena

509342999Analyzed
1v1 RM · 4d ago on Sep 26, 2026· 69m 37s· 2 players
Game mode
Random Map
Map size
Tiny (2 player)
Population
200
Speed
Normal
Resources
Standard
Victory
Conquest
Starting age
Dark Age
Ending age
Imperial Age
RankedLock teamsTeams togetherTeam positionsShared explorationLock speedFull tech treeHidden civsTurbo modeCheats
Victory
Defeat
🇹🇷 Khmer · Türkiye
582
+18
🇯🇪 Portuguese · Jersey
633
-18
tr3tr2tr1
11:25 Feudal Age
12:10 Double-Bit Axe
12:07 Horse Collar
14:58 Gold Mining
18:59 Castle Age
18:06 Stone Mining
18:58 Bloodlines
20:53 Husbandry
21:34 Bow Saw
23:43 Heavy Plow
26:45 Stone Shaft Mining
27:33 Scale Barding Armor
27:39 Forging
29:14 Town Watch
30:04 Wheelbarrow
31:00 Town Patrol
31:41 Gold Shaft Mining
32:30 Hand Cart
36:55 Imperial Age
36:15 Chain Barding Armor
36:37 Iron Casting
37:45 Double Crossbow
37:24 Cavalier
39:13 Blast Furnace
39:19 Blast Furnace
39:32 Chemistry
38:53 Ballistics
39:25 Crop Rotation
39:11 Heavy Scorpion
41:23 Plate Barding Armor
55:09 Elite Ballista Elephant
55:50 Tusk Swords
58:10 Bloodlines
57:21 Light Cavalry
58:24 Hussar
Alexander the Great
10:14 Loom
12:08 Feudal Age
17:17 Castle Age
15:21 Double-Bit Axe
15:49 Horse Collar
19:29 Bow Saw
20:07 Heavy Plow
20:09 Stone Mining
22:58 Wheelbarrow
23:20 Gold Mining
25:25 Hand Cart
31:31 Imperial Age
33:44 Stone Shaft Mining
34:48 Two-Man Saw
34:21 Crop Rotation
34:58 Chemistry
35:21 Husbandry
35:32 Bloodlines
34:42 Light Cavalry
34:43 Cavalier
35:50 Scale Mail Armor
36:02 Forging
36:31 Loom
36:33 Town Watch
40:04 Chain Mail Armor
40:24 Iron Casting
39:51 Elite Organ Gun
41:53 Arquebus
42:26 Conscription
42:26 Conscription
42:42 Plate Mail Armor
43:13 Blast Furnace
42:19 Scale Barding Armor
41:38 Pikeman
42:07 Gambesons
41:42 Man-at-Arms
42:57 Siege Engineers
42:40 Halberdier
42:43 Long Swordsman
43:19 Two-Handed Swordsman
44:35 Champion
45:51 Chain Barding Armor
57:27 Town Patrol
57:58 Fortified Wall
59:55 Plate Barding Armor
Connection lost

Rejoining the realm…

Still unreachable

The connection could not be restored.

Session expired

The server has moved on; the page needs a fresh start.